 Dungeon Sprint DCSS version 0.30-a0-6-g7c9e10e132 (webtiles) character file.

Game seed: 2113415293941391365

3200000 BigDaddyOpFi the Conqueror (level 19, -45/189 HPs)
             Began as a Formicid Abyssal Knight on Aug 22, 2022.
             Was the Champion of Lugonu.
             Annihilated by a meat berserker
             ... wielding a +9 battleaxe
              (70 damage)
             ... in the Dungeon (Sprint VIII: "Arena of Blood").
             The game lasted 00:01:35 (32 turns).

BigDaddyOpFi the Conqueror (Formicid Abyssal Knight)  Turns: 32, Time: 00:01:36

Health: -45/189    AC:  6    Str: 24    XL:     19   Next: 23%
Magic:  6/36       EV: 26    Int: 12    God:    Lugonu [******]
Gold:   0          SH:  0    Dex: 14    Spells: 25/25 levels left

rFire   . . .      SeeInvis +    f - +∞ Axe of Woe
rCold   . . .      Faith    .    (no shield)
rNeg    . . .      Spirit   .    b - +0 leather armour
rPois   .          Reflect  .    (helmet unavailable)
rElec   .          Harm     .    (no cloak)
rCorr   .          Rampage  .    (no gloves)
Will    +....                    (no boots)
Stlth   +++.......               (no amulet)
HPRegen 0.41/turn                (no ring)
MPRegen 0.25/turn                (no ring)

@: no status effects
A: permanent stasis, dig shafts and tunnels, antennae 3, four strong arms
a: Dig, Renounce Religion, Bend Space, Banish, Corrupt, Brand Weapon With
Distortion


You were in the Dungeon.
You worshipped Lugonu.
Lugonu was exalted by your worship.
You visited 1 branch

Inventory:

Hand Weapons
 a - a +1 hand axe
 f - the +∞ Axe of Woe (weapon)
   (You found it in the Dungeon)
Armour
 b - a +0 leather armour (worn)
Jewellery
 g - a +30 ring of slaying
Potions
 e - 2 potions of magic


   Skills:
 O Level 27 Fighting
 + Level 3.6(4.4) Short Blades
 + Level 3.6(4.4) Long Blades
 O Level 27 Axes
 + Level 3.6(18.5) Maces & Flails
 + Level 3.6(18.5) Polearms
 + Level 3.6(5.1) Staves
 + Level 3.6 Ranged Weapons
 + Level 3.6 Throwing
 O Level 27 Armour
 O Level 27 Dodging
 + Level 4.9 Stealth
 + Level 4.9 Shields
 + Level 3.7 Unarmed Combat
 + Level 3.6 Spellcasting
 + Level 3.7 Conjurations
 + Level 4.4 Hexes
 + Level 3.6 Summonings
 + Level 3.6 Necromancy
 + Level 3.3 Translocations
 + Level 4.6 Transmutations
 + Level 4.1 Fire Magic
 + Level 4.1 Ice Magic
 + Level 3.4 Air Magic
 + Level 5.0 Earth Magic
 + Level 5.5 Poison Magic
 O Level 27 Invocations
 + Level 4.6 Evocations


You had 25 spell levels left.
You didn't know any spells.
Your spell library was empty.

Dungeon Overview and Level Annotations

Branches:
Dungeon (1/1)

Altars:
Makhleb


Innate Abilities, Weirdness & Mutations

You cannot be hasted, slowed, berserked, paralysed or teleported.
You can dig through walls and to a lower floor.
You have a pair of large antennae on your head. (SInv)
Your four strong arms can wield two-handed weapons with a shield.


Message History

Your Spellcasting skill gained 3 levels and is now at level 3!
Your Conjurations skill gained 3 levels and is now at level 3!
Your Hexes skill gained 3 levels and is now at level 3!
Your Summonings skill gained 3 levels and is now at level 3!
Your Necromancy skill gained 3 levels and is now at level 3!
Your Translocations skill gained 2 levels and is now at level 2!
Your Transmutations skill gained 3 levels and is now at level 3!
Your Fire Magic skill gained 3 levels and is now at level 3!
Your Ice Magic skill gained 3 levels and is now at level 3!
Your Air Magic skill gained 2 levels and is now at level 2!
Your Earth Magic skill gained 4 levels and is now at level 4!
Your Poison Magic skill gained 4 levels and is now at level 4!
Your Evocations skill gained 3 levels and is now at level 3!
You have reached level 19!
You slash the bag of meat!
You hew the bag of meat savagely.
You kill the bag of meat!
Lugonu accepts your kill.
You are engulfed in blazing flames.
* * * LOW HITPOINT WARNING * * *
You hear a shout! x8
The meat berserker rages.
You hear a shout! x3
Your Hexes skill increases to level 4!
Your Translocations skill increases to level 3!
Your Transmutations skill increases to level 4!
Your Fire Magic skill increases to level 4!
Your Ice Magic skill increases to level 4!
Your Air Magic skill increases to level 3!
Your Earth Magic skill increases to level 5!
Your Poison Magic skill increases to level 5!
Your Evocations skill increases to level 4!
Unknown command.
A large bag of meat comes into view. It is wielding a +9 giant spiked club.
The destroyer appears out of thin air!
A destroyer comes into view. It is wielding a +9 vorpal great sword.
The destroyer shouts!
You hear a shout! x2
A meat berserker comes into view. It is wielding a +9 battleaxe.
You hear a shout! x2
The meat berserker hits you with a +9 battleaxe!!!
You die...

#.. ....# .o #..
...# {. ..###..
...###...
......###........
......._.O.......
#..§§O# O #_)V)§#
...
O..#..§☼§#.....
...V..._@).......
......###O...O...
..###.. OO.###...
. {#.. {...# ..
#.{ .O..#
{{{{..... ..
....... ....


You could see 2 destroyers, 4 large bags of meat and 3 meat berserkers.

Vanquished Creatures
  9 ogres (D)
  A two-headed ogre (D)
  9 orcs (D)
19 creatures vanquished.

Notes
Turn   | Place    | Note
-------+----------+-------------------------------------------
     0 | D        | Found the +∞ Axe of Woe
     0 | D        | BigDaddyOpFi the Formicid Abyssal Knight began the quest
                  | for the Orb.
     0 | D        | Reached XP level 1. HP: 18/18 MP: 2/2
     2 | D        | Noticed a bag of meat
     2 | D        | Noticed a bag of meat
     3 | D        | Noticed a bag of meat
     8 | D        | Noticed a bag of meat
     9 | D        | Killed a bag of meat
     9 | D        | Killed a bag of meat
     9 | D        | Reached *** piety under Lugonu
     9 | D        | Noticed a meat berserker
    10 | D        | Reached XP level 2. HP: 58/58 MP: 2/9
    10 | D        | Reached XP level 3. HP: 65/65 MP: 2/10
    10 | D        | Reached XP level 4. HP: 72/72 MP: 2/12
    10 | D        | Reached XP level 5. HP: 79/79 MP: 2/13
    10 | D        | Reached XP level 6. HP: 87/87 MP: 2/15
    10 | D        | Reached XP level 7. HP: 93/93 MP: 2/16
    10 | D        | Reached XP level 8. HP: 101/101 MP: 2/17
    10 | D        | Reached XP level 9. HP: 108/108 MP: 2/18
    10 | D        | Reached XP level 10. HP: 115/115 MP: 2/19
    10 | D        | Reached XP level 11. HP: 122/122 MP: 2/20
    10 | D        | Reached XP level 12. HP: 130/130 MP: 2/21
    10 | D        | Noticed a bag of meat
    10 | D        | Killed a bag of meat
    11 | D        | Reached XP level 13. HP: 141/141 MP: 2/23
    11 | D        | Noticed a meat berserker
    11 | D        | Noticed a meat berserker
    12 | D        | Noticed a bag of meat
    14 | D        | Noticed a bag of meat
    14 | D        | Noticed a meat berserker
    15 | D        | Killed a meat berserker
    15 | D        | Noticed a bag of meat
    16 | D        | Reached skill level 27 in Fighting
    16 | D        | Reached skill level 15 in Armour
    16 | D        | Reached skill level 15 in Invocations
    16 | D        | Reached XP level 14. HP: 135/153 MP: 3/25
    16 | D        | Killed a meat berserker
    16 | D        | Killed a meat berserker
    16 | D        | Reached **** piety under Lugonu
    16 | D        | Noticed a meat berserker
    16 | D        | Noticed a meat berserker
    17 | D        | Reached XP level 15. HP: 141/159 MP: 3/28
    17 | D        | Killed a meat berserker
    17 | D        | Noticed a meat berserker
    18 | D        | Noticed a meat berserker
    19 | D        | Reached XP level 16. HP: 149/167 MP: 3/31
    20 | D        | Noticed a large bag of meat
    21 | D        | Killed a meat berserker
    21 | D        | Reached ***** piety under Lugonu
    22 | D        | Killed a meat berserker
    22 | D        | Noticed a large bag of meat
    23 | D        | Reached skill level 27 in Axes
    23 | D        | Reached skill level 27 in Armour
    23 | D        | Reached skill level 27 in Invocations
    23 | D        | Reached XP level 17. HP: 156/174 MP: 4/34
    24 | D        | Noticed a large bag of meat
    24 | D        | Noticed a meat berserker
    26 | D        | Killed a meat berserker
    26 | D        | Killed a meat berserker
    27 | D        | Reached XP level 18. HP: 81/182 MP: 5/35
    27 | D        | Killed a large bag of meat
    27 | D        | Reached ****** piety under Lugonu
    28 | D        | Reached skill level 27 in Dodging
    28 | D        | Noticed a large bag of meat
    29 | D        | Noticed a meat berserker
    29 | D        | Noticed a large bag of meat
    29 | D        | Noticed a large bag of meat
    30 | D        | Killed a meat berserker
    30 | D        | Noticed a destroyer
    30 | D        | Noticed a meat berserker
    31 | D        | Reached XP level 19. HP: 34/189 MP: 6/36
    32 | D        | Reached skill level 5 in Earth Magic
    32 | D        | Reached skill level 5 in Poison Magic
    32 | D        | Noticed a large bag of meat
    32 | D        | Noticed a destroyer
    32 | D        | Noticed a meat berserker
    32 | D        | Annihilated by a meat berserker

Illustrated notes

Levels and vault maps discovered:
D:        meatsprint

Skill      XL: |  1  2  3  4  5  6  7  8  9 10 11 12 13 14 15 16 17 18 19 |
---------------+----------------------------------------------------------+-----
Fighting       | 23 25 27 | 27.0
Axes           | 13 14 17 22 24 27 | 27.0
Armour         | 12 13 15 19 21 27 | 27.0
Dodging        | 2 3 4 7 8 14 23 27 | 27.0
Invocations    | 12 13 15 19 22 27 | 27.0
Short Blades   | 3 |  3.6
Long Blades    | 3 |  3.6
Maces & Flails | 3 |  3.6
Polearms       | 3 |  3.6
Staves         | 3 |  3.6
Ranged Weapons | 3 |  3.6
Throwing       | 3 |  3.6
Stealth        | 4 |  4.9
Shields        | 4 |  4.9
Unarmed Combat | 3 |  3.7
Spellcasting   | 3 |  3.6
Conjurations   | 3 |  3.7
Hexes          | 3 4 |  4.4
Summonings     | 3 |  3.6
Necromancy     | 3 |  3.6
Translocations | 2 3 |  3.3
Transmutations | 3 4 |  4.6
Fire Magic     | 3 4 |  4.1
Ice Magic      | 3 4 |  4.1
Air Magic      | 2 3 |  3.4
Earth Magic    | 4 5 |  5.0
Poison Magic   | 4 5 |  5.5
Evocations     | 3 4 |  4.6

Action                   |  1- 3 |  4- 6 |  7- 9 | 10-12 | 13-15 | 16-18 | 19-21 || total
-------------------------+-------+-------+-------+-------+-------+-------+-------++-------
Melee: Executioner's axe |     1 |       |       |     1 |     4 |     6 |     1 ||    13
  Use: Potion            |       |       |       |       |       |     2 |       ||     2
Dodge: Dodged            |       |       |       |       |       |     1 |       ||     1

Table legend: (Time is in decaauts)
 A = Elapsed time spent in this place.
 B = Non-inter-level travel time spent in this place.
 C = Inter-level travel time spent in this place.
 D = Time resting spent in this place.
 E = Time spent auto-exploring this place.
 F = Levels seen in this place.
 G = Mean time per level.
                   A        B        C        D        E       F      G
               +--------+--------+--------+--------+--------+-----+--------+
         Total |     30 |     30 |      0 |      0 |      0 |   1 |   30.0 |
       Dungeon |     30 |     30 |      0 |      0 |      0 |   1 |   30.0 |
               +--------+--------+--------+--------+--------+-----+--------+

Top non-repeatable levels by time:
       D: 30 daAuts
